 Dungeon Crawl Stone Soup version 0.31.0-32-g396128a36d (webtiles) character file.

Game seed: 15086168267764659372

23 Lunarhour the Sneak (level 2, -4/17 HPs)
             Began as a Vampire Brigand on Apr 10, 2024.
             Slain by Sigmund
             ... wielding a +0 scythe
              (5 damage)
             ... on level 2 of the Dungeon.
             The game lasted 00:05:35 (934 turns).

Lunarhour the Sneak (Vampire Brigand)                Turns: 934, Time: 00:05:36

Health: -4/17      AC:  1    Str: 10    XL:     2   Next: 75%
Magic:  2/2        EV: 12    Int: 13    God:
Gold:   47         SH:  0    Dex: 15    Spells: 1/1 levels left

rFire   . . .        a - +2 dagger
rCold   + + .        (no shield)
rNeg    + + +        (no body armour)
rPois   ∞            (no helmet)
rElec   .            c - +0 cloak
rCorr   .            (no gloves)
SInv    +            (no boots)
Will    .....        (no amulet)
Stlth   +++++        (no ring)
HPRegen 0.00/turn    (no ring)
MPRegen 0.08/turn

%: no passive effects
@: about to teleport, bloodless, inhibited regen
A: bloodless, fangs 3, see invisible, vampiric 1
a: Revivify


You were on level 2 of the Dungeon.
You visited 1 branch of the dungeon, and saw 2 of its levels.

You collected 47 gold pieces.

Inventory:

Hand Weapons
 a - a +2 dagger (weapon)
Missiles
 d - 9 poisoned darts (quivered)
 e - 3 curare-tipped darts
Armour
 b - a +0 robe
 c - a +0 cloak (worn)
 i - a +1 leather armour of willpower
Scrolls
 g - a scroll of identify {unknown}
Potions
 h - a potion of degeneration {unknown}


   Skills:
 + Level 2.1 Fighting
 + Level 2.6 Short Blades
 + Level 2.0 Throwing
 - Level 1.1 Dodging
 + Level 6.2 Stealth


You had one spell level left.
You didn't know any spells.
Your spell library contained the following spells:

 Spells                   Type           Power      Damage    Failure   Level
 Slow                     Hex            0%         N/A       30%         1
 Confusing Touch          Hex            0%         N/A       67%         3
 Sigil of Binding         Hex            0%         N/A       67%         3
 Vampiric Draining        Necr           0%         2d6       67%         3


Dungeon Overview and Level Annotations

Branches:
Dungeon (2/15)

Altars:

Shops:
D:1 (

Annotations:
D:2 Sigmund


Innate Abilities, Weirdness & Mutations

You do not regenerate when monsters are visible.
You are frail without blood (-20% HP).
You can heal yourself when you bite living creatures.
You are immune to poison.
You have razor-sharp teeth.
You have supernaturally acute eyesight. (SInv)
You are afflicted with vampirism.


Message History

You feel less strong-willed.
A kobold comes into view. It is wielding a +0 dagger.
The kobold hits you with a +0 short sword.
You closely miss the kobold. You hit the kobold but do no damage.
The kobold hits you with a +0 short sword.
You hit the kobold.
The kobold is severely wounded.
The kobold hits you with a +0 short sword.
You hit the kobold.
You kill the kobold!
Sigmund the Dreaded comes into view.
He is wielding a +0 scythe.
The helpless kobold fails to defend itself.
You bite the kobold, and draw its blood!
You feel better.
You impale the kobold!!
You kill the kobold!
Your Throwing skill increases to level 2!
Things that are here:
a +0 short sword; a kobold corpse You start resting.
HP restored.
Found a stone staircase leading down.
Sigmund shouts!
Sigmund hits you with a +0 scythe!
Ouch! That really hurt!
You hit Sigmund.
Sigmund is lightly wounded.
You hit Sigmund.
Sigmund is lightly wounded.
Sigmund hits you with a +0 scythe.
* * * LOW HITPOINT WARNING * * *
Unknown command.
Okay, then.
As you read the scroll labelled EWKIBE DOOT, it crumbles to dust.
You feel strangely unstable.
It was a scroll of teleportation.
Sigmund closely misses you. Sigmund attacks as he pursues you!
Sigmund hits you from afar with a +0 scythe.
You die...
Sigmund begins carving another notch in his scythe.

#......########.#....
#......# ####.#.###
####......# #.........
.........# #.#....###
#.......# #.#....#..
#.......# #.#....#.#
.##.......#####.#....#..
>............##.#..†.###
#......@.###.##.#....# #
###......# #.)..#....# #
#....@.#####.......# #
#......#..)....#...# #
........................
######.###.......##..###
.. ........... ...
#.#..#......#..# .. #...
#......#....


You could see Sigmund.

Vanquished Creatures
  A dart slug (D:1)
  3 hobgoblins
  6 ball pythons
  2 frilled lizards
  3 goblins
  5 kobolds
  4 rats
24 creatures vanquished.

Notes
Turn   | Place    | Note
-------+----------+-------------------------------------------
     0 | D:1      | Lunarhour the Vampire Brigand began the quest for the Orb.
     0 | D:1      | Reached XP level 1. HP: 16/16 MP: 1/1
   164 | D:1      | Reached skill level 6 in Stealth
   236 | D:1      | Reached XP level 2. HP: 22/22 MP: 2/2
   346 | D:1      | Found Umy Yrhu's Antique Weapon Shop.
   903 | D:2      | Noticed Sigmund
   934 | D:2      | Slain by Sigmund

Illustrated notes

Levels and vault maps discovered:
D:1:      lightli_arrival_flooded_house, layout_basic, serial_shops,
          nicolae_shop_back_alley_shop
D:2:      layout_basic, basic_altar, minmay_pentomino_r2, uniq_sigmund

Skill      XL: |  1  2 |
---------------+-------+-----
Stealth        | 6 |  6.2
Fighting       | 2 |  2.1
Throwing       | 2 |  2.0
Short Blades   | |  2.6
Dodging        | |  1.1

Action                     || total
---------------------------++-------
  Melee: Dagger            ||    49
         Bite              ||     4
         Punch             ||     1
Ability: Exsanguinate      ||     1
    Use: Scroll            ||     1
   Stab: Sleeping          ||    10
 Armour: Robe              ||    13
         Skin              ||     6
         Leather armour    ||     2
  Dodge: Dodged            ||    15
